 Dungeon Crawl Stone Soup version 0.25-a0-603-g0321be9 (webtiles) character file.

Game seed: 15285825832859145775, levelgen mode: deterministic

275 Faels the Shield-Bearer (level 5, 0/38 HPs)
             Began as a Demigod Conjurer on Mar 15, 2020.
             Slain by Grinder (3 damage)
             ... on level 4 of the Dungeon on Mar 16, 2020.
             The game lasted 00:18:33 (5367 turns).

Faels the Shield-Bearer (Demigod Conjurer)          Turns: 5367, Time: 00:18:34

Health: 0/38       AC:  4    Str: 11    XL:     5   Next: 73%
Magic:  0/11       EV: 12    Int: 21    God:
Gold:   189        SH:  5    Dex: 16    Spells: 2/8 levels left

rFire    . . .     SeeInvis .   i - +0 dagger
rCold    . . .     Gourm    .   n - +0 buckler
rNeg     . . .     Faith    .   w - +0 leather armour
rPois    .         Spirit   .   u - +0 helmet
rElec    .         Reflect  .   (no cloak)
rCorr    .         Harm     .   (no gloves)
MR       .....                  (no boots)
Stlth    ++........             (no amulet)
HPRegen  0.12/turn              (no ring)
MPRegen  0.12/turn              (no ring)

@: no status effects
A: high mp 1
a: no special abilities


You were on level 4 of the Dungeon.
You were not hungry.

You visited 1 branch of the dungeon, and saw 5 of its levels.

You collected 189 gold pieces.

Inventory:

Hand Weapons
 i - a +0 dagger (weapon)
 k - a +4 flail
 s - a +0 hunting sling
 y - a +0 whip of venom
Missiles
 d - 5 poisoned darts (quivered)
 p - 3 atropa-tipped darts
 t - 30 sling bullets
 z - a throwing net
Armour
 a - a +0 robe
 m - a +0 kite shield
 n - a +0 buckler (worn)
 u - a +0 helmet (worn)
 w - a +0 leather armour (worn)
 x - a +0 robe
Scrolls
 g - a scroll of remove curse
 h - a scroll of enchant armour {unknown}
 o - a scroll of fear
 q - a scroll of fog
 v - 2 scrolls of magic mapping
Potions
 l - a potion of curing {unknown}
 r - a potion of heal wounds
Comestibles
 c - 4 rations


   Skills:
 + Level 0.7 Throwing
 - Level 2.1 Dodging
 + Level 2.5 Stealth
 - Level 4.0 Shields
 + Level 2.2 Spellcasting
 + Level 4.0 Conjurations
 + Level 0.9 Hexes


You had 2 spell levels left.
You knew the following spells:

 Your Spells              Type           Power        Failure   Level  Hunger
a - Magic Dart            Conj           ###.         3%          1    #......
b - Searing Ray           Conj           ###...       5%          2    ##.....
c - Dazzling Flash        Conj/Hex       ##....       21%         3    ###....

Your spell library contained the following spells:

 Spells                   Type           Power        Failure   Level  Hunger
 Fulminant Prism          Conj/Hex       ##........   56%         4    #####..
 Iskenderun's Mystic Bla  Conj/Tloc      ##......     63%         4    #####..


Dungeon Overview and Level Annotations

Branches:
Dungeon (5/15)
 Temple: D:4-7

Annotations:
D:2 Sigmund
D:4 Edmund, Grinder


Innate Abilities, Weirdness & Mutations

You have an increased reservoir of magic. (+10% MP)


Message History

Casting: Magic Dart (safe; 3% risk of failure)
Confirm with . or Enter, or press ? or * to list all spells.
Aiming: Magic Dart (safe; 3% risk of failure)
Press: ? - help, Shift-Dir - straight line, f/p - Grinder
Aim: Grinder (almost dead)
The magic dart hits Grinder.
Grinder is almost dead.
Grinder gestures at you. Pain shoots through your body!
* * * LOW HITPOINT WARNING * * *
Casting: Magic Dart (safe; 3% risk of failure)
Confirm with . or Enter, or press ? or * to list all spells.
Okay, then.
You hit Grinder but do no damage.
Grinder is almost dead.
You block Grinder's attack.
You hit Grinder.
Grinder is almost dead.
Grinder hits you.
You die...

*,*,,,,***,***#.*#.#***
#...... *,,**,,* *,*
#.*#.# #.###.# *,,*8,,*
*,* #.*#.# #.# #.#
*,,**,,* *,* #.*#.# #.#
#.# *,,,,,8***,* #.*#.#
#.# #.# ********,,,*
#.##.########.###.#
************
#...............#.#
,,,,,,*
##5......<......#..
*****,*
#@############(##. *,*
#.# ######)##.
************** #.#
#.........
,*,*,**,,,,,,* #.#
#.####....
≈≈≈≈≈≈******,* #.# *,*
#.... ,,,,,,_* *,* #.#
*,* #.... ≈≈≈≈≈≈** *,*
#.# *,***#.##. *,*,*,*
*,**#.#******,,,*#.##.
*******
*,,,...,,,,,,,,,,.....


You could see Grinder.

Vanquished Creatures
  An orc priest (D:2)
  An orc wizard (D:3)
  A worker ant (D:4)
  Robin (D:2)
  7 gnolls
  3 adders
  A worm (D:2)
  4 orcs
  3 ball pythons
  8 bats
  5 giant cockroaches
  13 goblins
  11 hobgoblins
  5 jackals
  2 quokkas
  3 frilled lizards
  8 kobolds
  6 rats
83 creatures vanquished.

Notes
Turn   | Place    | Note
-------+----------+-------------------------------------------
     0 | D:1      | Faels the Demigod Conjurer began the quest for the Orb.
     0 | D:1      | Reached XP level 1. HP: 14/14 MP: 5/5
   443 | D:1      | Reached XP level 2. HP: 20/20 MP: 5/7
   543 | D:1      | Learned a level 2 spell: Searing Ray
  1079 | D:2      | Reached skill level 1 in Shields
  1216 | D:2      | Reached XP level 3. HP: 26/26 MP: 1/8
  1680 | D:2      | Noticed Robin
  1695 | D:2      | Killed Robin
  2018 | D:2      | Noticed Sigmund
  2024 | D:2      | Learned a level 3 spell: Dazzling Flash
  2771 | D:2      | Reached XP level 4. HP: 33/33 MP: 4/9
  3105 | D:3      | Reached XP level 5. HP: 29/38 MP: 5/10
  3429 | D:3      | You fall into a shaft and drop 2 floors!
  3429 | D:5      | Entered Level 5 of the Dungeon
  4955 | D:4      | Noticed Edmund
  5341 | D:4      | Noticed Grinder
  5343 | D:4      | Paralysed by Grinder for 4 turns
  5367 | D:4      | Slain by Grinder

Levels and vault maps discovered:
D:1:      sevenhm_arrival_forest_fort_small_4, layout_loops_cross
D:2:      layout_basic, kennysheep_pointless_box, uniq_robin, uniq_sigmund
D:3:      layout_loops_corners
D:4:      layout_loops_ring, good_gods_temple_1, grunt_temple_overflow_open,
          first_ration, biasface_ghost_orc_armoury, okawaru_altar_gauntlet_db,
          uniq_menkaure, uniq_grinder, uniq_ijyb, uniq_edmund
D:5:      layout_layer_cave, nemelex_xobeh_ov_fountains_minmay,
          minmay_temple_entry_junction, xom_redecorated

Skill      XL: |  1  2  3  4  5 |
---------------+----------------+-----
Stealth        | 2 |  2.5
Dodging        | 2 |  2.1
Spellcasting   | 2 |  2.2
Shields        | 1 3 4 |  4.0
Conjurations   | 4 |  4.0
Throwing       | |  0.7
Hexes          | |  0.9

Action                   |  1- 3 |  4- 6 || total
-------------------------+-------+-------++-------
Melee: Unarmed           |     2 |    22 ||    24
       Dagger            |    47 |    75 ||   122
Throw: Dart              |     5 |     1 ||     6
 Cast: Magic Dart        |    42 |    61 ||   103
       Searing Ray       |     9 |    21 ||    30
  Use: Potion            |     2 |     5 ||     7
       Scroll            |       |     9 ||     9
 Stab: Sleeping          |     1 |     1 ||     2
  Eat: Chunk             |     4 |     7 ||    11
       Ration            |     1 |     1 ||     2
Armor: Robe              |     8 |     6 ||    14
       Leather armour    |       |     4 ||     4
Dodge: Dodged            |    34 |    59 ||    93
Block: Buckler           |     8 |    25 ||    33

Table legend:
 A = Non-vault XP
 B = Vault XP
 C = Vault XP percentage of total XP
 D = Non-vault monster count
 E = Vault monster count
 F = Vault count percentage of total count
                 A         B        C        D         E       F
            +---------+---------+-------+---------+---------+-------
      Total |     357 |      37 |   9.4 |      71 |      12 |  14.5
            +---------+---------+-------+---------+---------+-------
        D:1 |      25 |       0 |   0.0 |      17 |       0 |   0.0
        D:2 |      88 |      37 |  29.6 |      13 |      12 |  48.0
        D:3 |     153 |       0 |   0.0 |      30 |       0 |   0.0
        D:4 |      91 |       0 |   0.0 |      11 |       0 |   0.0
            +---------+---------+-------+---------+---------+-------
